 Dungeon Crawl Stone Soup version 0.30-a0-953-g5f1da4a474 (webtiles) character file.

Game seed: 6374646392282180634

141920 funkygono the Severer (level 16, -1/157 HPs)
             Began as a Minotaur Fighter on Mar 27, 2023.
             Was the Champion of Okawaru.
             Slain by an 11-headed hydra (11 damage)
             ... on level 4 of the Swamp on Mar 28, 2023.
             The game lasted 01:00:31 (28252 turns).

funkygono the Severer (Minotaur Fighter)           Turns: 28252, Time: 01:00:32

Health: -1/157     AC: 30    Str: 34    XL:     16   Next: 79%
Magic:  17/17      EV: 12    Int:  8    God:    Okawaru [******]
Gold:   2153       SH: 16    Dex: 11    Spells: 15/15 levels left

rFire   . . .      SeeInvis +    p - +16 obsidian axe {drain, demonic, Mesm Drain Fly SInv}
rCold   . . .      Faith    .    g - +3 warlock's mirror {omnireflect}
rNeg    . . .      Spirit   .    t - +5 chain mail
rPois   .          Reflect  +    H - +2 hat
rElec   .          Rampage  .    v - +1 cloak
rCorr   .                        R - +2 pair of gloves of Articulation {Int+3}
Will    +....                    N - +0 pair of boots Stlth
                                 G - amulet of reflection
HPRegen 0.46/turn                r - +4 ring of slaying
MPRegen 0.15/turn                F - +6 ring of strength

@: flying, mesmerised
A: horns 2, retaliatory headbutt
a: Renounce Religion, Heroism, Finesse, Duel


You were on level 4 of the Swamp.
You worshipped Okawaru.
Okawaru was exalted by your worship.
You visited 5 branches of the dungeon, and saw 27 of its levels.
You also visited: Gauntlet.

You collected 2361 gold pieces.
You spent 208 gold pieces at shops.

Inventory:

Hand Weapons
 p - the +16 obsidian axe (weapon) {drain, demonic, Mesm Drain Fly SInv}
   (You found it on level 10 of the Dungeon)

   Mesm:      Its wielder is mesmerised by any visible foes, and it cannot be
   unequipped while any foes are visible.
   SInv:      It lets you see invisible.
   Fly:       It grants you flight.
   Drain:     It drains your maximum health when unequipped.
 O - a +4 war axe of flaming
Missiles
 P - 6 boomerangs (quivered)
 T - 5 javelins
Armour
 g - the +3 warlock's mirror (worn) {omnireflect}
   (You acquired it on level 6 of the Dungeon)

   Omnireflect: It can block and reflect piercing ranged attacks and magical
   attacks against the wielder's willpower.
 t - a +5 chain mail (worn)
 v - a +1 cloak (worn)
 H - a +2 hat (worn)
 N - a +0 pair of boots (worn)
 R - the +2 pair of gloves of Articulation (worn) {Int+3}
   (Okawaru gifted it to you on level 14 of the Dungeon)

   Int:       It affects your intelligence (+3).
Jewellery
 e - a ring of positive energy
 r - a +4 ring of slaying (left hand)
 u - a ring of protection from cold
 y - a ring of flight
 E - a ring of resist corrosion
 F - a +6 ring of strength (right hand)
 G - an amulet of reflection (around neck)
 Q - a ring of willpower
 U - an amulet of guardian spirit
Wands
 a - a wand of digging (5)
 b - a wand of paralysis (7)
 h - a wand of flame (76)
 i - a wand of mindburst (20)
 w - a wand of polymorph (10)
 z - a wand of iceblast (56)
Scrolls
 c - 13 scrolls of identify
 f - 17 scrolls of teleportation
 j - 3 scrolls of magic mapping
 m - a scroll of blinking
 B - 2 scrolls of fog
 D - a scroll of amnesia
 I - 3 scrolls of fear
Potions
 d - 7 potions of might
 k - 3 potions of berserk rage
 l - 5 potions of heal wounds
 n - 8 potions of cancellation
 o - 5 potions of mutation
 q - 6 potions of curing
 s - a potion of invisibility
 x - 2 potions of flight
 C - 7 potions of haste
 K - a potion of brilliance
 W - a potion of ambrosia


   Skills:
 + Level 18.1 Fighting
 + Level 20.5 Axes
 + Level 2.3 Throwing
 + Level 19.6 Armour
 + Level 7.2 Dodging
 + Level 5.0 Stealth
 + Level 15.8 Shields
 + Level 3.1 Invocations
 + Level 0.2 Evocations


You had 15 spell levels left.
You didn't know any spells.
Your spell library contained the following spells:

 Spells                   Type           Power      Damage    Failure   Level
 Apportation              Tloc           0%         N/A       75%         1
 Magic Dart               Conj           0%         1d3       75%         1
 Necrotise                Necr           0%         1d4       75%         1
 Cigotuvi's Dreadful Rot  Necr/Pois/Air  0%         N/A       87%         2
 Poisonous Vapours        Pois/Air       0%         N/A       87%         2
 Searing Ray              Conj           0%         2d4       87%         2
 Gell's Gravitas          Tloc           0%         N/A       98%         3
 Kindle Blastsparks       Fire/Tloc/Air  0%         2d10      98%         3
 Mephitic Cloud           Conj/Pois/Air  0%         N/A       98%         3
 Teleport Other           Tloc           0%         N/A       98%         3
 Vampiric Draining        Necr           0%         2d6       98%         3
 Anguish                  Hex/Necr       0%         N/A       100%        4
 Cause Fear               Hex            0%         N/A       100%        4
 Dispel Undead            Necr           0%         3d6       100%        4
 Fulminant Prism          Conj/Hex       0%         3d5       100%        4
 Iskenderun's Mystic Bla  Conj/Tloc      0%         2d3       100%        4
 Passage of Golubria      Tloc           0%         N/A       100%        4
 Alistair's Intoxication  Tmut/Pois      0%         N/A       100%        5
 Borgnjor's Vile Clutch   Necr/Erth      0%         N/A       100%        5
 Lee's Rapid Deconstruct  Erth           0%         3d4*      100%        5
 Yara's Violent Unravell  Hex/Tmut       0%         3d3       100%        5
 Dispersal                Tloc           0%         N/A       100%        6
 Dragon Form              Tmut           0%         N/A       100%        7
 Enfeeble                 Hex            0%         N/A       100%        7
 Summon Small Mammal      Summ           Unusable   N/A       N/A         1
 Call Canine Familiar     Summ           Unusable   N/A       N/A         3
 Summon Guardian Golem    Hex/Summ       Unusable   N/A       N/A         3
 Tukima's Dance           Hex            Unusable   N/A       N/A         3
 Simulacrum               Ice/Necr       Unusable   N/A       N/A         6
 Dragon's Call            Summ           Unusable   N/A       N/A         9

Dungeon Overview and Level Annotations

Branches:
Dungeon (15/15)            Temple (1/1) D:7            Lair (5/5) D:8
  Swamp (4/4) Lair:3       Spider (0/4) Lair:3        Slime (0/5) Lair:4
    Orc (2/2) D:11            Elf (0/3) Orc:2        Vaults (0/5) D:13
 Depths (0/4) D:15        Gauntlet (visited)

Altars:
Ashenzari
Cheibriados
Dithmenos
Elyvilon
Fedhas
Gozag
Hepliaklqana
Kikubaaqudgha
Makhleb
Nemelex Xobeh
Okawaru
Qazlal
Ru
Sif Muna
Trog
Uskayaw
Vehumet
Wu Jian
Xom
Yredelemnul
Zin
The Shining One

Shops:
D:9 [([   D:11 :   Orc:2 =?[?


Innate Abilities, Weirdness & Mutations

You have a pair of horns on your head.
You reflexively headbutt those who attack you in melee.


Message History

Your +3 warlock's mirror {omnireflect} reflects the ball of steam!
You lop one of the eight-headed hydra's heads off!
The seven-headed hydra grows two more!
You carve the nine-headed hydra like a ham!!!
The nine-headed hydra is heavily wounded.
You hear an angry hiss.
You block the nine-headed hydra's attack.
The nine-headed hydra bites you but does no damage.
You block the nine-headed hydra's attack.
The nine-headed hydra bites you but does no damage.
The nine-headed hydra bites you.
* * * LOW HITPOINT WARNING * * *
The nine-headed hydra barely misses you.
The nine-headed hydra bites you but does no damage. x3
You lop one of the nine-headed hydra's heads off!
The eight-headed hydra grows two more!
You slice the ten-headed hydra!! You drain the ten-headed hydra!
The ten-headed hydra is almost dead.
The ten-headed hydra bites you but does no damage.
The ten-headed hydra closely misses you.
You block the ten-headed hydra's attack. x2
The ten-headed hydra barely misses you.
You block the ten-headed hydra's attack.
The ten-headed hydra bites you but does no damage.
You block the ten-headed hydra's attack.
The ten-headed hydra bites you but does no damage.
The ten-headed hydra bites you!
* * * LOW HITPOINT WARNING * * *
Unknown command.
You lop one of the ten-headed hydra's heads off!
The nine-headed hydra grows two more!
You hit the 11-headed hydra.
The 11-headed hydra is severely wounded.
You block the 11-headed hydra's attack. The 11-headed hydra bites you!
* * * LOW HITPOINT WARNING * * *
The 11-headed hydra bites you!
* * * LOW HITPOINT WARNING * * *
You block the 11-headed hydra's attack.
The 11-headed hydra completely misses you.
The 11-headed hydra bites you!
You die...

#♣#
#♣♣♣~..<~~.§~§~.♣
#♣~..~~~~~~~♣♣
#♣§§÷~~....♣♣ ≈b
#♣÷♣...♣.~.♣ .≈≈
♣[♣$.♣♣~~♣♣ #.≈.
#♣~~~♣♣~~♣♣ #.?#
♣..~~~♣♣♣♣
#).#♣~~~~~♣♣♣
~♣##~~♣~.@..§~♣♣♣
...§~~D~D...~~~~♣
...♣..♣~.♣~^~~..♣
........).~.~.♣♣♣
.....!.....§~♣♣
.~...~~....♣♣♣
....~....~.♣
....~.....♣♣
..?..~....♣


You could see a 11-headed hydra (mesmerising, drained) and a steam dragon.

Vanquished Creatures
  Mara (Swamp:4)
  2 tentacled monstrosities
  2 thorn hunters
  A fenstrider witch (Swamp:2)
  An orc warlord (Orc:1)
  A ghoul (Swamp:3)
  10 eleionomae
  A dire elephant (Gauntlet)
  Azrael (Orc:2)
  3 bunyips
  A minotaur (Gauntlet)
  2 shambling mangroves
  2 fire dragons (Swamp:4)
  A vault guard (D:13)
  15 hydras
  5 ogre magi
  4 centaur warriors
  2 ghost crabs
  Erolcha (Orc:2)
  3 catoblepae (Lair:5)
  6 tengu warriors
  3 boulder beetles
  17 two-headed ogres
  Erica (D:9)
  12 alligators
  6 death yaks (Lair:5)
  Sonja (D:10)
  A spriggan berserker (Swamp:4)
  A skyshark (Lair:4)
  4 goliath frogs
  3 skeletal warriors (D:13)
  A fire crab (Swamp:4)
  2 spriggan druids (Swamp:3)
  6 bog bodies
  4 harpies (D:14)
  Pikel (D:8)
  A deep elf pyromancer (D:15)
  12 swamp dragons
  A deep elf zephyrmancer (D:15)
  2 wizards (D:15)
  A lindwurm (Swamp:4)
  A necromancer (D:15)
  8 orc sorcerers
  7 cyclopes
  3 ugly things
  2 oklob plants (D:12)
  A cyclops (shapeshifter) (D:15)
  6 manticores
  3 will-o-the-wisps
  2 centaur zombies (D:15)
  2 elephants (Gauntlet)
  A gargoyle (D:11)
  Joseph (D:8)
  5 black mambas
  7 cane toads
  An efreet (Gauntlet)
  Psyche (D:9)
  4 komodo dragons
  A rime drake (Lair:5)
  A tengu conjurer (D:15)
  A freezing wraith (D:15)
  7 trolls
  11 hornets
  A meliai (Lair:3)
  A polar bear (shapeshifter) (D:14)
  2 wolf spider simulacra (D:15)
  7 tyrant leeches
  4 polar bears
  11 blink frogs
  Prince Ribbit (D:5)
  A harpy skeleton (D:15)
  2 centaur simulacra
  6 slime creatures
  3 shadows
  5 spriggans
  A vampire (D:10)
  7 wyverns
  3 wraiths
  40 yaks
  4 fire elementals
  10 humans (D:13)
  2 fire bats (Swamp:4)
  A steam dragon (D:7)
  6 basilisks
  20 vampire mosquitoes
  3 wargs
  2 acid dragons
  3 hell hounds
  12 swamp worms
  11 water moccasins
  7 swamp drakes (Swamp:4)
  14 orc warriors
  A floating eye (D:12)
  A sky beast (D:7)
  An ice beast (D:6)
  3 black bears
  13 ogres
  10 wolves
  9 centaurs
  3 kobold brigands
  9 bullfrogs
  5 scorpions
  7 killer bees
  6 electric eels
  6 howler monkeys
  A bullfrog zombie (D:7)
  A hound (D:4)
  Crazy Yiuf (D:5)
  A gnoll bouda (D:4)
  9 orc priests
  3 iguanas
  A sleepcap (D:7)
  Terence (D:3)
  26 orc wizards
  4 hell rats (Lair:2)
  A killer bee zombie (D:7)
  6 gnolls
  5 adders
  2 ufetubi
  3 worms
  2 dart slugs
  74 orcs
  8 ball pythons
  5 endoplasms
  8 giant cockroaches
  14 goblins
  9 hobgoblins
  6 jackals
  A quokka (D:4)
  7 bats
  5 frilled lizards
  15 kobolds
  4 rats (D:3)
  6 briar patches (Swamp:3)
714 creatures vanquished.

Vanquished Creatures (others)
  A swamp dragon (Swamp:4)
  A lindwurm (Swamp:4)
  2 bloated husks
  A human (D:13)
  2 steam dragons (Swamp:4)
  3 swamp drakes (Swamp:4)
  An orc priest (Orc:1)
  A kobold (D:7)
  A briar patch (Swamp:3)
  A bush (D:15)
  8 foxfires
  39 fungi
  43 plants
  2 withered plants (Gauntlet)
106 creatures vanquished.

Grand Total: 820 creatures vanquished

Notes
Turn   | Place    | Note
-------+----------+-------------------------------------------
     0 | D:1      | funkygono the Minotaur Fighter began the quest for the Orb.
     0 | D:1      | Reached XP level 1. HP: 19/19 MP: 0/0
   168 | D:1      | Reached XP level 2. HP: 27/27 MP: 1/1
   656 | D:1      | Reached XP level 3. HP: 33/33 MP: 2/2
  1226 | D:2      | Reached skill level 3 in Axes
  1231 | D:2      | Reached XP level 4. HP: 20/40 MP: 3/3
  1350 | D:2      | Found a sacrificial altar of Ru.
  2222 | D:3      | Found a broken altar of Ashenzari.
  2234 | D:3      | Reached skill level 4 in Axes
  2506 | D:3      | Found a faded altar of an unknown god.
  2506 | D:3      | Noticed Terence
  2526 | D:3      | Killed Terence
  2527 | D:3      | Reached XP level 5. HP: 36/46 MP: 4/4
  2823 | D:4      | Reached skill level 5 in Axes
  2823 | D:4      | Reached skill level 5 in Armour
  2823 | D:4      | Reached skill level 1 in Dodging
  2899 | D:4      | Noticed a centaur
  2908 | D:4      | Killed a centaur
  2909 | D:4      | Reached XP level 6. HP: 36/53 MP: 5/5
  3049 | D:4      | Found a blossoming altar of Fedhas.
  3244 | D:4      | Found a burning altar of Makhleb.
  3301 | D:4      | Identified the +10 sling of Wrath {drain, Str+5}
  3383 | D:4      | Found a hazy altar of Hepliaklqana.
  3502 | D:5      | Entered Level 5 of the Dungeon
  3582 | D:5      | Reached skill level 5 in Shields
  3607 | D:5      | Reached skill level 6 in Axes
  3777 | D:5      | Reached XP level 7. HP: 60/60 MP: 6/6
  3866 | D:5      | Noticed Prince Ribbit
  3892 | D:5      | Killed Prince Ribbit
  4023 | D:5      | Reached skill level 7 in Axes
  4299 | D:5      | Found a runed translucent door.
  4300 | D:5      | Noticed Crazy Yiuf
  4306 | D:5      | Killed Crazy Yiuf
  4307 | D:5      | Reached skill level 5 in Fighting
  4330 | D:5      | Upgraded the game from 0.30-a0-949-g53dc5368d7 to
                  | 0.30-a0-953-g5f1da4a474
  4398 | D:6      | Reached XP level 8. HP: 68/68 MP: 7/7
  4546 | D:6      | Reached skill level 8 in Axes
  4846 | D:6      | Reached skill level 9 in Axes
  4946 | D:6      | Identified 2 scrolls of acquirement
  4946 | D:6      | Acquired a manual of Armour
  4948 | D:6      | Acquired the +3 warlock's mirror {omnireflect}
  4948 | D:6      | Found the +3 warlock's mirror {omnireflect}
  5044 | D:7      | Found a staircase to the Ecumenical Temple.
  5053 | D:7      | Noticed a two-headed ogre
  5075 | D:7      | Killed a two-headed ogre
  5076 | D:7      | Reached skill level 10 in Axes
  5076 | D:7      | Reached XP level 9. HP: 38/78 MP: 8/8
  5206 | Temple   | Entered the Ecumenical Temple
  5433 | D:7      | Found a basalt altar of Yredelemnul.
  5604 | D:7      | Paralysed by a hornet for 3 turns
  6005 | D:7      | Reached skill level 11 in Axes
  6155 | D:8      | Noticed Joseph
  6160 | D:8      | Noticed a manticore
  6168 | D:8      | Killed Joseph
  6177 | D:8      | Killed a manticore
  6257 | D:8      | Noticed a centaur warrior
  6265 | D:8      | Reached skill level 10 in Armour
  6282 | D:8      | Killed a centaur warrior
  6283 | D:8      | Reached skill level 12 in Axes
  6283 | D:8      | Reached XP level 10. HP: 75/86 MP: 9/9
  6420 | D:8      | Reached skill level 1 in Stealth
  6518 | D:8      | Noticed Pikel
  6527 | D:8      | Killed Pikel
  6685 | D:8      | Noticed a two-headed ogre
  6692 | D:8      | Killed a two-headed ogre
  7022 | D:8      | Found a staircase to the Lair.
  7061 | D:9      | Found Heoklin's Weapon Boutique.
  7068 | D:9      | Found Esoulup's Armour Shop.
  7086 | D:9      | Found an iron altar of Okawaru.
  7095 | D:9      | Bought a +2 hat for 208 gold pieces
  7167 | Lair:1   | Entered Level 1 of the Lair of Beasts
  7175 | Lair:1   | Reached skill level 13 in Axes
  7371 | Lair:1   | Noticed a cane toad
  7377 | Lair:1   | Killed a cane toad
  7618 | Lair:1   | Noticed a cane toad
  7627 | Lair:1   | Killed a cane toad
  7628 | Lair:1   | Reached XP level 11. HP: 73/95 MP: 10/10
  8432 | Lair:2   | You fall into a shaft and drop 1 floor!
  8524 | Lair:3   | Reached skill level 14 in Axes
  8754 | Lair:3   | Found a hole to the Spider Nest.
  9031 | Lair:3   | Identified the +3 trident "Ratuumio" {freeze, Dex+2}
  9265 | Lair:3   | Noticed a bog body
  9268 | Lair:3   | Noticed a bog body
  9276 | Lair:3   | Killed a bog body
  9277 | Lair:3   | Reached skill level 15 in Axes
  9279 | Lair:3   | Killed a bog body
  9280 | Lair:3   | Found a staircase to the Swamp.
  9637 | Lair:2   | Reached skill level 10 in Fighting
  9637 | Lair:2   | Reached skill level 5 in Dodging
  9676 | Lair:2   | Reached XP level 12. HP: 106/106 MP: 11/11
 10366 | D:9      | Became a worshipper of Warmaster Okawaru
 10366 | D:9      | Noticed Psyche
 10369 | D:9      | Noticed Erica
 10384 | D:9      | Killed Erica
 10392 | D:9      | Killed Psyche
 10675 | D:9      | Reached skill level 16 in Axes
 10676 | D:9      | Reached * piety under Okawaru
 10683 | D:9      | Reached skill level 15 in Armour
 10843 | D:9      | Found Wueshrac's Antique Armour Emporium.
 10881 | D:9      | Found a shadowy altar of Dithmenos.
 10882 | D:9      | Found a shimmering altar of Xom.
 11188 | Lair:4   | Reached ** piety under Okawaru
 11470 | Lair:4   | Found a staircase to the Slime Pits.
 11647 | Lair:4   | Identified the +8 long sword "Noynur" {pain, Int+4 SInv}
 11915 | Lair:5   | Entered Level 5 of the Lair of Beasts
 11915 | Lair:5   | Noticed a boulder beetle
 11928 | Lair:5   | Killed a boulder beetle
 12057 | Lair:5   | Found an ancient bone altar of Kikubaaqudgha.
 12069 | Lair:5   | Noticed a six-headed hydra
 12077 | Lair:5   | Killed an 11-headed hydra
 12216 | Lair:5   | Reached *** piety under Okawaru
 12737 | Lair:5   | Noticed a death yak
 12744 | Lair:5   | Killed a death yak
 12764 | Lair:5   | Noticed a catoblepas
 12772 | Lair:5   | Killed a catoblepas
 12773 | Lair:5   | Reached skill level 10 in Shields
 12773 | Lair:5   | Reached XP level 13. HP: 116/116 MP: 9/12
 12832 | Lair:5   | Reached skill level 17 in Axes
 12836 | Lair:5   | Reached skill level 1 in Invocations
 12840 | Lair:5   | Reached skill level 1 in Throwing
 13115 | Lair:5   | Reached **** piety under Okawaru
 13390 | Lair:5   | Identified the ring "Piusem" {rC+ rN+ MP+9 Dex+4}
 13843 | D:10     | Entered Level 10 of the Dungeon
 13932 | D:10     | Found an ancient bone altar of Kikubaaqudgha.
 14121 | D:10     | Noticed Sonja
 14129 | D:10     | Killed Sonja
 14196 | D:10     | Found the +16 obsidian axe {drain, demonic, Mesm Drain Fly
                  | SInv}
 14522 | D:10     | Found a hide-covered altar of Uskayaw.
 14937 | D:11     | Found Zaeleanliy's Book Boutique.
 15000 | D:11     | Reached ***** piety under Okawaru
 15056 | D:11     | Found a staircase to the Orcish Mines.
 15700 | Orc:1    | Entered Level 1 of the Orcish Mines
 16008 | Orc:1    | Noticed an orc warlord
 16030 | Orc:1    | Killed an orc warlord
 16030 | Orc:1    | Received a gift from Okawaru
 16441 | Orc:2    | Entered Level 2 of the Orcish Mines
 16458 | Orc:2    | Reached skill level 18 in Axes
 16547 | Orc:2    | Found a staircase to the Elven Halls.
 16843 | Orc:2    | Reached XP level 14. HP: 129/129 MP: 14/14
 16852 | Orc:2    | Noticed Azrael
 16878 | Orc:2    | Killed Azrael
 17176 | Orc:2    | Paralysed by an orc sorcerer for 3 turns
 17218 | Orc:2    | Found a radiant altar of Vehumet.
 17219 | Orc:2    | Noticed Erolcha
 17227 | Orc:2    | Found Hoqaejy's Antique Armour Shoppe.
 17230 | Orc:2    | Killed Erolcha
 17263 | Orc:2    | Found an ancient bone altar of Kikubaaqudgha.
 17287 | Orc:2    | Found Coas's Magic Scroll Shoppe.
 17288 | Orc:2    | Found Asar's Jewellery Emporium.
 17364 | Orc:2    | Found Gidghaufu's Magic Scroll Shoppe.
 18096 | D:12     | Found the +5 robe of Misfortune {Harm *Corrode *Slow EV+5}
 18362 | D:13     | Identified the amulet of Music {Faith Fragile Int+7}
 19023 | D:13     | Reached ****** piety under Okawaru
 19023 | D:13     | Received a gift from Okawaru
 19565 | D:13     | Found a gate to the Vaults.
 20441 | D:14     | Reached skill level 15 in Fighting
 20451 | D:14     | Identified the +2 pair of gloves of Articulation {Int+3}
                  | (Okawaru gifted it to you on level 14 of the Dungeon)
 20451 | D:14     | Received a gift from Okawaru
 20649 | D:14     | Reached XP level 15. HP: 141/141 MP: 15/15
 20662 | D:14     | Found a shimmering blue altar of Sif Muna.
 20788 | D:15     | Entered Level 15 of the Dungeon
 20816 | D:15     | Found a gate leading to a gauntlet.
 20825 | Gauntlet | Entered a Gauntlet
 20825 | Gauntlet | Found a transporter.
 20825 | Gauntlet | Found a transporter.
 20826 | Gauntlet | Found a transporter.
 20826 | Gauntlet | Found a transporter.
 20829 | Gauntlet | Found a transporter.
 20849 | Gauntlet | Found a transporter.
 20851 | Gauntlet | Found a transporter.
 20876 | Gauntlet | Found a transporter.
 20884 | Gauntlet | Found a transporter.
 20903 | Gauntlet | Found a transporter.
 20921 | Gauntlet | Found a transporter.
 20939 | Gauntlet | Found a transporter.
 21521 | D:15     | Reached skill level 19 in Axes
 21726 | D:15     | Found a staircase to the Depths.
 21875 | D:15     | Found a white marble altar of Elyvilon.
 22534 | Swamp:1  | Entered Level 1 of the Swamp
 22630 | Swamp:1  | Got the Compendium of the Creeping Mountains
 22933 | Swamp:1  | Received a gift from Okawaru
 23415 | Swamp:1  | Reached skill level 5 in Stealth
 23474 | Swamp:1  | Noticed a tentacled monstrosity
 23490 | Swamp:1  | Killed a tentacled monstrosity
 24540 | Swamp:2  | Noticed a thorn hunter
 24558 | Swamp:2  | Killed a thorn hunter
 25035 | Swamp:2  | Noticed a fenstrider witch
 25041 | Swamp:2  | Reached XP level 16. HP: 89/152 MP: 17/17
 25322 | Swamp:2  | Identified the +3 ring mail "Dioriwah" {rElec}
 25555 | Swamp:3  | Noticed a tentacled monstrosity
 25568 | Swamp:3  | Killed a tentacled monstrosity
 25653 | Swamp:3  | Paralysed by a hornet for 1 turns
 25897 | Swamp:3  | Reached skill level 15 in Shields
 26022 | Swamp:3  | Noticed a thorn hunter
 26028 | Swamp:3  | Reached skill level 20 in Axes
 26035 | Swamp:3  | Killed a thorn hunter
 26204 | Swamp:3  | Identified the +5 ring mail "Aryshreh" {-Tele rCorr Str+2
                  | Stlth+} (Okawaru gifted it to you on level 3 of the Swamp)
 26204 | Swamp:3  | Received a gift from Okawaru
 26711 | Swamp:4  | Entered Level 4 of the Swamp
 26806 | Swamp:4  | Noticed Mara
 26826 | Swamp:4  | Killed Mara
 27858 | Swamp:4  | HP: 2/157 [poisoned by a swamp dragon (poison gas)]
 28185 | Swamp:4  | Received a gift from Okawaru
 28252 | Swamp:4  | Slain by an 11-headed hydra

Illustrated notes

Levels and vault maps discovered:
D:1:      dpeg_arrival_water_fire, layout_loops_corners
D:2:      layout_loops_cross, basic_altar, serial_co_window_serial,
          co_window_of_opportunity_a, co_window_corner_a, co_window_paths_a,
          co_window_paths_a, co_window_corner_a, co_window_broadway_a,
          co_window_broadway_b, co_window_unsneaky_path_b, co_window_broadway_c,
          co_window_4corner_b, co_window_paths_d, amethyst_killhole,
          corexii_leaking_fountain
D:3:      layout_rooms, mainiacjoe_overflow_alcove_1,
          shapermc_ecumenical_altar_venn, serial_park_tiny_pond, uniq_terence
D:4:      layout_rooms, nzn_hepliaklqana_mist_gate, fedhas_altar_4,
          minmay_ruined_shrine
D:5:      layout_basic, uniq_prince_ribbit1, uniq_crazy_yiuf_cottage
D:6:      layout_basic
D:7:      layout_basic, lemuel_zombie_altar_yredelemnul,
          minmay_temple_entry_proselytizer
D:8:      layout_loops_ring, grunt_lair_entry_orc_guard_hut, kb_rosetta,
          uniq_joseph, uniq_pikel
D:9:      layout_rooms, lemuel_crystal_altar, mainiacjoe_overflow_divided_tiny,
          serial_shops, shop, shop, nicolae_stop_n_shop_2, hive_lemuel,
          uniq_erica, uniq_psyche
D:10:     layout_stronghold, kiku_gazebo_pond_becter,
          nicolae_uskayaw_murder_on_the_dancefloor, serial_column_ruins,
          column_ruins_square_medium, column_ruins_hut_water,
          column_ruins_columns_water, column_ruins_columns_straight,
          column_ruins_corridor_straight, column_ruins_corridor_corner,
          minivault_21, uniq_sonja
D:11:     layout_cave_pods, orc_0_dummy, serial_shops, kennysheep_little_box
D:12:     layout_roguey, st_stairs_9, disabler_island
D:13:     layout_basic, ximxim_vaults_locker_room
D:14:     layout_cross, lemuel_coloured_pillars_altar, hangedman_aviary
D:15:     grunt_enter_depths_magical_seal, layout_basic,
          nicolae_elyvilon_peaceful_grove, gauntlet_entry_generic
Temple:   dshaligram_water_room_temple
Lair:1:   layout_cave_pods
Lair:2:   layout_roguey
Lair:3:   layout_chaotic_city, nicolae_swamp_entry_splash_gauntlet,
          hellmonk_spider_entry_not_the_bees, serial_bayou_pond_d,
          eino_small_chamber_without_monster, grunt_forest_small_clearings,
          infiniplex_staircase_pool
Lair:4:   layout_regular_city, slime_entry_1, minivault_19, lemuel_old_faithful
Lair:5:   evilmike_catoblepas_cave, layout_cave_pods, basic_altar
Swamp:1:  layout_basic_swamp, hangedman_swamp_pad, swamp_pool3,
          infiniplex_staircase_pool_2
Swamp:2:  layout_basic_swamp, nicolae_swamp_long_stream
Swamp:3:  nzn_winding_woodlands_small [nzn_winding_woodlands_5x15_jagged,
          nzn_winding_woodlands_center_lodge,
          nzn_winding_woodlands_5x15_sidewinder], layout_falls_marsh,
          evilmike_swamp_ruin_house_4, nicolae_swamp_trees_clearing, swamp_pool4
Swamp:4:  swamp_fiery, layout_basic_swamp, swamp_pool1, uniq_mara
Orc:1:    layout_caves, mines2_david
Orc:2:    kennysheep_orc_mage_school, layout_diamond_mine, basic_altar,
          uniq_azrael

Skill      XL: |  1  2  3  4  5  6  7  8  9 10 11 12 13 14 15 16 |
---------------+-------------------------------------------------+-----
Fighting       | 4 5 6 7 8 10 11 13 15 16 18 | 18.1
Armour         | 4 5 6 8 10 12 14 16 17 18 19 | 19.6
Shields        | 4 5 6 8 9 10 11 12 14 15 | 15.8
Axes           | 3 4 5 6 7 10 12 13 15 16 18 19 20 | 20.5
Dodging        | 1 2 3 4 5 6 7 |  7.2
Stealth        | 1 3 4 5 |  5.0
Invocations    | 1 2 3 |  3.1
Throwing       | 1 2 |  2.3
Evocations     | |  0.2

Action                     |  1- 3 |  4- 6 |  7- 9 | 10-12 | 13-15 | 16-18 || total
---------------------------+-------+-------+-------+-------+-------+-------++-------
  Melee: War axe           |    71 |   132 |   162 |   433 |   774 |       ||  1572
         Headbutt          |     8 |    22 |    43 |    90 |   219 |    52 ||   434
         Broad axe         |       |       |       |       |    59 |   239 ||   298
  Throw: Boomerang         |       |     2 |       |     4 |     6 |    13 ||    25
         Dart              |       |       |       |       |     2 |       ||     2
 Invoke: Heroism           |       |       |       |     5 |    17 |     2 ||    24
  Evoke: Wand              |       |       |       |       |     1 |       ||     1
    Use: Scroll            |       |       |    21 |     9 |     5 |     2 ||    37
         Potion            |       |       |       |       |     3 |     6 ||     9
   Stab: Petrified         |       |       |       |     9 |       |       ||     9
         Paralysed         |       |       |       |       |     3 |       ||     3
 Armour: Scale mail        |    11 |       |       |       |       |       ||    11
         Swamp dragon scal |    28 |    64 |       |       |       |       ||    92
         Chain mail        |       |    15 |    75 |   186 |   377 |   134 ||   787
         Skin              |       |       |       |     6 |       |       ||     6
  Dodge: Dodged            |    30 |   103 |    59 |   148 |   259 |    66 ||   665
  Block: Buckler           |    15 |    29 |    50 |   155 |   389 |   145 ||   783
         Reflection        |       |       |     3 |     9 |    47 |    16 ||    75

Table legend: (Time is in decaauts)
 A = Elapsed time spent in this place.
 B = Non-inter-level travel time spent in this place.
 C = Inter-level travel time spent in this place.
 D = Time resting spent in this place.
 E = Time spent auto-exploring this place.
 F = Levels seen in this place.
 G = Mean time per level.
                   A        B        C        D        E       F      G
               +--------+--------+--------+--------+--------+-----+--------+
         Total |  28067 |  26252 |   1815 |   1536 |  19297 |  28 | 1002.4 |
       Dungeon |  14543 |  13490 |   1053 |    293 |  10302 |  15 |  969.5 |
        Temple |    132 |    109 |     23 |      0 |    100 |   1 |  132.0 |
          Lair |   6006 |   5416 |    590 |    205 |   4377 |   5 | 1201.2 |
         Swamp |   5089 |   4994 |     95 |    907 |   3185 |   4 | 1272.2 |
  Orcish Mines |   1816 |   1763 |     53 |    131 |   1205 |   2 |  908.0 |
      Gauntlet |    478 |    478 |      0 |      0 |    127 |   1 |  478.0 |
               +--------+--------+--------+--------+--------+-----+--------+

Top non-repeatable levels by time:
  Lair:5: 1804 daAuts
 Swamp:3: 1804 daAuts
    D:13: 1687 daAuts
 Swamp:1: 1442 daAuts
     D:8: 1378 daAuts
  Lair:3: 1318 daAuts
  Lair:1: 1286 daAuts
     D:2: 1140 daAuts
     D:1: 1115 daAuts
   Orc:2: 1060 daAuts
    D:11: 1035 daAuts
     D:7: 1012 daAuts
    D:10: 1002 daAuts
 Swamp:2: 992 daAuts
    D:15: 966 daAuts
